AoeStats
← ionescu_andrei

MegaRandom

509604141Analyzed
2v2 RM · 5d ago on Sep 27, 2026· 40m 30s· 4 players
Game mode
Random Map
Map size
Medium (4 player)
Population
200
Speed
Normal
Resources
Standard
Victory
Conquest
Starting age
Dark Age
Ending age
Imperial Age
RankedLock teamsTeams togetherTeam positionsShared explorationLock speedFull tech treeHidden civsTurbo modeCheats
Victory
Defeat
🇮🇹 Celts · Italy
720
+12
🇷🇴 Inca · Romania
675
+13
🇸🇪 Byzantines · Sweden
778
-18
🇸🇪 Khmer · Sweden
466
-7
sergio
5:38 Loom
12:03 Feudal Age
13:39 Wheelbarrow
16:06 Gold Mining
16:03 Double-Bit Axe
16:02 Horse Collar
17:07 Town Watch
17:51 Forging
17:42 Scale Mail Armor
20:38 Castle Age
18:59 Stone Mining
19:58 Arson
19:43 Man-at-Arms
24:21 Bow Saw
27:11 Long Swordsman
27:36 Gambesons
28:50 Iron Casting
29:33 Heavy Plow
31:49 Pikeman
38:05 Imperial Age
36:08 Chain Mail Armor
39:55 Hand Cart
40:01 Stronghold
39:40 Elite Woad Raider
ionescu_andrei
11:25 Feudal Age
11:50 Horse Collar
12:05 Double-Bit Axe
12:59 Gold Mining
15:53 Stone Mining
21:14 Castle Age
19:26 Arson
19:04 Champi Runner
20:37 Forging
23:30 Champi Warrior
23:31 Pikeman
24:12 Squires
24:44 Heavy Plow
28:21 Imperial Age
26:00 Fletching
25:44 Pikeman
26:25 Squires
25:46 Champi Warrior
26:34 Thumb Ring
26:36 Crossbowman
28:07 Iron Casting
28:00 Scale Mail Armor
28:36 Halberdier
30:54 Blast Furnace
31:26 Chain Mail Armor
31:12 Padded Archer Armor
31:08 Bodkin Arrow
32:34 Arbalester
33:43 Leather Archer Armor
39:02 Crop Rotation
38:42 Bow Saw
39:08 Gold Shaft Mining
39:08 Stone Shaft Mining
37:56 Elite Champi Warrior
38:08 Elite Kamayuk
󠀡󠀡
14:55 Feudal Age
18:30 Castle Age
18:15 Double-Bit Axe
18:24 Stone Mining
18:27 Gold Mining
20:36 Wheelbarrow
21:28 Bow Saw
22:58 Hand Cart
22:44 Fletching
23:46 Guard Tower
24:01 Murder Holes
27:36 Gold Shaft Mining
27:39 Stone Shaft Mining
32:39 Ballistics
32:33 Husbandry
32:50 Scale Barding Armor
36:19 Chain Barding Armor
37:32 Bodkin Arrow
37:24 Crossbowman
38:17 Padded Archer Armor
42:33 Imperial Age
40:26 Bloodlines
GeXxO^
12:42 Feudal Age
11:01 Loom
15:34 Double-Bit Axe
21:01 Forging
25:03 Arson
25:22 Scale Mail Armor
26:22 Man-at-Arms
29:07 Castle Age
27:22 Padded Archer Armor
29:58 Long Swordsman
30:47 Squires
30:43 Crossbowman
Connection lost

Rejoining the realm…

Still unreachable

The connection could not be restored.

Session expired

The server has moved on; the page needs a fresh start.